 Dungeon Crawl Stone Soup version 0.20-a0-941-gba1b1f9 (webtiles) character file.

112 nikopol the Skirmisher (level 4, 0/61 HPs)
             Began as a Minotaur Berserker on Mar 31, 2017.
             Was a Believer of Trog.
             Slain by Ijyb (1 damage)
             ... on level 3 of the Dungeon.
             The game lasted 00:03:22 (1766 turns).

nikopol the Skirmisher (Minotaur Berserker)         Turns: 1766, Time: 00:03:23

Health: 0/61       AC:  3    Str: 27    XL:     4   Next: 63%
Magic:  3/3        EV: 13    Int:  4    God:    Trog [**....]
Gold:   116        SH:  0    Dex: 10    Spells: 3/3 levels left

rFire    . . .     SeeInvis .   a - +0 hand axe
rCold    . . .     Gourm    .   (no shield)
rNeg     . . .     Faith    .   o - +0 leather armour
rPois    +         Spirit   .   (helmet restricted)
rElec    .         Reflect  .   (no cloak)
rCorr    .         Harm     .   (no gloves)
MR       .....                  (no boots)
Stlth    ..........             (no amulet)
Regen    0.2/turn               n - ring of poison resistance
MPRegen  0.1/turn               (no ring)

@: berserking, very quick
A: retaliatory headbutt, horns 2
a: Berserk, Trog's Hand, Burn Spellbooks, Renounce Religion


You were on level 3 of the Dungeon.
You worshipped Trog.
Trog was pleased with you.
You were hungry.

You visited 1 branch of the dungeon, and saw 3 of its levels.

You collected 116 gold pieces.

Inventory:

Hand Weapons
 a - a +0 hand axe (weapon)
Armour
 b - a +0 animal skin
 o - a +0 leather armour (worn)
Jewellery
 n - a ring of poison resistance (left hand)
 t - a cursed ring of loudness {unknown}
Scrolls
 e - a scroll of fog {unknown}
 g - a scroll of teleportation {unknown}
 h - 2 scrolls of identify {unknown}
 j - 2 scrolls of amnesia {unknown}
 p - a scroll of recharging {unknown}
 q - a scroll of noise {unknown}
 s - a scroll of remove curse {unknown}
Potions
 d - a potion of lignification {unknown}
 f - 2 potions of degeneration {unknown}
 i - a potion of flight {unknown}
 k - a potion of heal wounds {unknown}
 l - 2 potions of haste {unknown}
 r - a potion of cancellation {unknown}
 v - a potion of curing {unknown}
Comestibles
 c - 4 bread rations
 m - 2 royal jellies
 u - 4 chunks of flesh


   Skills:
 + Level 4.7 Fighting
 + Level 4.3 Axes
 + Level 3.2 Armour
 + Level 3.5 Dodging


You had 3 spell levels left.
You didn't know any spells.

Dungeon Overview and Level Annotations

Branches:
Dungeon (3/15)

Altars:
Elyvilon
Vehumet

Annotations:
D:3 Ijyb


Innate Abilities, Weirdness & Mutations

You reflexively headbutt those who attack you in melee.
You have a pair of horns on your head.


Message History

Some of the chunks of flesh in your inventory have rotted away.
v - a white potion You open the door.
There is an open door here.
Ijyb the Twisted Goblin comes into view.
Ijyb shouts!
You hit Ijyb but do no damage. Your headbutt misses Ijyb.
Ijyb zaps a wand.
The bolt of acid hits you!
Ouch! That really hurt!
You are splashed with acid!
The acid burns!
* * * LOW HITPOINT WARNING * * *
It is a wand of acid (?/15).
You are too injured to fight recklessly!
You are too injured to fight recklessly!
You miss Ijyb. Ijyb closely misses you.
A red film seems to cover your vision as you go berserk!
You feel yourself moving faster!
You feel mighty!
You are feeling hungry.
Ijyb hits you.
You die...

#....# #....+ ..#
####....### #.#
#..).)....# #.#
....))....# #.#
.....)....# #.#
#.........######.#
....###.......##g#
.##.# #.......##@#
[ ..# #...<...'..#
.#..# #.......####
##... #.......#
...# #.......#
#..# #.......#
#.......#
#########


You could see Ijyb.

Vanquished Creatures
  An orc priest (D:3)
  2 adders
  A worm (D:2)
  2 leopard geckos (D:2)
  7 orcs (D:3)
  2 giant cockroaches
  5 goblins
  6 hobgoblins
  7 jackals
  3 quokkas
  5 bats
  3 kobolds
  8 rats
52 creatures vanquished.

Notes
Turn   | Place    | Note
-------+----------+-------------------------------------------
     0 | D:1      | nikopol the Minotaur Berserker began the quest for the Orb.
     0 | D:1      | Reached XP level 1. HP: 19/19 MP: 0/0
   301 | D:1      | Reached XP level 2. HP: 27/27 MP: 1/1
   869 | D:2      | Reached XP level 3. HP: 31/33 MP: 2/2
  1008 | D:2      | Reached ** piety under Trog
  1119 | D:2      | Found a white marble altar of Elyvilon.
  1536 | D:3      | Found a radiant altar of Vehumet.
  1543 | D:3      | Reached XP level 4. HP: 26/41 MP: 3/3
  1762 | D:3      | Noticed Ijyb
  1764 | D:3      | HP: 1/41 [acid (18)]
  1766 | D:3      | Slain by Ijyb

Vault maps used:
D:1:      mrwooster_arrival_statue_2
D:2:      elyvilon_altar_4, first_bread, roderic_roman_lattice
D:3:      lemuel_crystal_altar, uniq_iyjb, uniq_robin

Skill      XL: |  1  2  3 |
---------------+----------+-----
Fighting       | 4 |  4.7
Dodging        | 3 |  3.5
Axes           | 4 |  4.3
Armour         | 3 |  3.2

Action                   |  1- 3 |  4- 6 || total
-------------------------+-------+-------++-------
Melee: Hand axe          |    83 |     5 ||    88
       Headbutt          |     5 |       ||     5
Invok: Berserk           |     1 |     1 ||     2
  Eat: Chunk             |     2 |     2 ||     4
Armor: Animal skin       |    18 |       ||    18
       Leather armour    |     9 |       ||     9
Dodge: Dodged            |    74 |     6 ||    80
